cohdb
Replays
Latest Replays
All Replays
Popular Replays
Top Player Replays
Match Explorer
How It Works
Community
CoH3 Stats
Reddit
Sign in to upload your games and track your stats! →
Sign in with Steam
Match 43786350
Unlisted
Match 43786350
Overview
Messages
Build Orders
End
Kettenkrad Recon Vehicle
Construct Infanterie Kompanie
Grenadier Squad
Selects Breakthrough Battlegroup
Selects Assault Grenadiers
Grenadier Squad
MG 42 Machine Gun Team
Medical Station
Selects Breakthrough
Construct Luftwaffe Kompanie
Selects 2.5-tonne Cargo Truck
2.5-tonne Cargo Truck
Support Elements
Jäger Squad
Wirbelwind Flakpanzer
Jäger Squad
GrW 34 Mortar Team
Jäger Squad
Wirbelwind Flakpanzer
Jäger Squad
Marder III M Tank Destroyer
Selects Blitzkrieg
Nukepapa
Fajolada
Sp1tzbua
can can need new new
0
0
Comments
sign in to comment!
No comments posted yet!